 Dungeon Crawl Stone Soup version 0.24.0-37-gcf1ca852f1 (webtiles) character file.

Game seed: 17463617085681257456, levelgen mode: deterministic

9103 FishyPogo the Thaumaturge (level 11, -2/121 HPs)
             Began as a Gnoll Wizard on Dec 8, 2019.
             Was a High Priest of Okawaru.
             Killed from afar by a gargoyle (18 damage)
             ... with a stone arrow
             ... on level 11 of the Dungeon on Dec 9, 2019.
             The game lasted 01:01:16 (8384 turns).

FishyPogo the Thaumaturge (Gnoll Wizard)            Turns: 8384, Time: 01:01:17

Health: -2/121     AC:  6    Str:  9 (12) XL:     11   Next: 41%
Magic:  0/22       EV: 22    Int: 29 (31) God:    Okawaru [*****.]
Gold:   183        SH:  5    Dex: 14 (15) Spells: 13/29 levels left

rFire    . . .     SeeInvis .   P - +3 whip
rCold    . . .     Gourm    .   q - +0 buckler
rNeg     . . .     Faith    .   C - +1 robe of Sloth {rElec MR+ Str-2 Int+3}
rPois    .         Spirit   +   l - +0 hat
rElec    +         Reflect  .   f - scarf {Spirit}
rCorr    .         Harm     .   (no gloves)
MR       +....     Clarity  +   v - +2 pair of boots {run}
Stlth    ..........             (no amulet)
HPRegen  0.30/turn              h - +2 ring of evasion
MPRegen  0.18/turn              e - +3 ring of evasion

@: brilliant, berserking, very quick
A: distributed training, fangs 1, clarity, low mp 1, strong nose
a: Heroism, Finesse, Renounce Religion


You were on level 11 of the Dungeon.
You worshipped Okawaru.
Okawaru was extremely pleased with you.
You were hungry.

You visited 2 branches of the dungeon, and saw 12 of its levels.

You collected 407 gold pieces.
You spent 224 gold pieces at shops.

Inventory:

Hand Weapons
 a - a +0 dagger of flaming
 b - a +1 hand axe of flaming
 H - a +2 spear of pain
 P - a +3 whip (weapon)
 R - a cursed +5 halberd
Missiles
 c - 333 stones (quivered)
 p - 45 poisoned darts
 x - 14 boomerangs
 B - 2 throwing nets
Armour
 f - a scarf of spirit shield (worn)
 l - a +0 hat (worn)
 q - a +0 buckler (worn)
 v - a +2 pair of boots of running (worn)
 y - the +1 leather armour "Guapnisk" {Dex+7}
   (You bought it in a shop on level 5 of the Dungeon)

   It affects your dexterity (+7).
 C - the +1 robe of Sloth (worn) {rElec MR+ Str-2 Int+3}
   (You found it on level 6 of the Dungeon)

   It affects your strength (-2).
   It affects your intelligence (+3).
   It insulates you from electricity.
   It affects your resistance to hostile enchantments.
 J - a +0 ring mail of cold resistance
Jewellery
 e - a +3 ring of evasion (right hand)
 h - a +2 ring of evasion (left hand)
 K - an uncursed ring of flight
Wands
 n - a wand of flame (37)
 L - a wand of paralysis (9)
 O - a wand of digging (6)
Scrolls
 g - a scroll of holy word {unknown}
 i - 2 scrolls of enchant weapon {unknown}
 k - 3 scrolls of remove curse
 m - 3 scrolls of blinking
 r - 5 scrolls of identify
 w - 2 scrolls of immolation
 z - a scroll of magic mapping
 A - 3 scrolls of amnesia {unknown}
 E - 3 scrolls of teleportation {unknown}
 G - 5 scrolls of fog {unknown}
 M - a scroll of enchant armour
Potions
 s - a potion of curing
 t - 3 potions of degeneration
 D - 2 potions of cancellation
 F - a potion of heal wounds
 I - a potion of agility
 N - a potion of might
 S - 2 potions of haste
Comestibles
 d - 12 rations
 u - 20 chunks of flesh


   Skills:
 + Level 6.1 Fighting
 + Level 6.1 Short Blades
 + Level 6.1 Long Blades
 + Level 6.1 Axes
 + Level 6.1 Maces & Flails
 + Level 6.1 Polearms
 + Level 6.1 Staves
 + Level 6.1 Slings
 + Level 6.1 Bows
 + Level 6.1 Crossbows
 + Level 6.1 Throwing
 + Level 6.1 Armour
 + Level 7.7 Dodging
 + Level 7.5 Stealth
 + Level 6.1 Shields
 + Level 6.1 Unarmed Combat
 + Level 9.5 Spellcasting
 + Level 5.6 Conjurations
 + Level 5.1 Hexes
 + Level 5.1 Charms
 + Level 5.6 Summonings
 + Level 5.1 Necromancy
 + Level 5.6 Translocations
 + Level 5.1 Transmutations
 + Level 5.1 Fire Magic
 + Level 5.1 Ice Magic
 + Level 5.1 Air Magic
 + Level 5.1 Earth Magic
 + Level 5.1 Poison Magic
 + Level 6.7 Invocations
 + Level 6.1 Evocations


You had 13 spell levels left.
You knew the following spells:

 Your Spells              Type           Power        Failure   Level  Hunger
a - Magic Dart            Conj           ####         1%          1    None
c - Mephitic Cloud        Conj/Pois/Air  ######..     1%          3    None
h - Regeneration          Chrm/Necr      ######....   1%          3    None
j - Conjure Flame         Conj/Fire      ######..     1%          3    None
l - Summon Lightning Spi  Summ/Air       ######..     1%          4    None
p - Call Imp              Summ           ######..     1%          2    None

Your spell library contained the following spells:

 Spells                   Type           Power        Failure   Level  Hunger
 Animate Skeleton         Necr           N/A          1%          1    None
 Pain                     Necr           ####         1%          1    None
 Summon Small Mammal      Summ           ####         1%          1    None
 Blink                    Tloc           N/A          1%          2    None
 Slow                     Hex            ######..     1%          2    None
 Call Canine Familiar     Summ           ######..     1%          3    None
 Summon Guardian Golem    Hex/Summ       ######..     1%          3    None
 Vampiric Draining        Necr           ######....   1%          3    None
 Animate Dead             Necr           N/A          1%          4    None
 Summon Ice Beast         Ice/Summ       ######..     1%          4    None


Dungeon Overview and Level Annotations

Branches:
Dungeon (11/15)            Temple (1/1) D:7            Lair (0/6) D:9
    Orc (0/2) D:9

Altars:
Ashenzari
Cheibriados
Dithmenos
Elyvilon
Fedhas
Gozag
Hepliaklqana
Kikubaaqudgha
Makhleb
Nemelex Xobeh
Okawaru
Qazlal
Ru
Sif Muna
Trog
Uskayaw
Vehumet
Wu Jian
Xom
Yredelemnul
Zin
The Shining One

Shops:
D:5 }[   D:8 **}=   D:9 ?   D:10 *

Annotations:
D:6 2 transporters, lis82's ghost, novice DgAE


Innate Abilities, Weirdness & Mutations

Your experience applies equally to all skills.
You have very sharp teeth.
Your uncanny sense of smell can sniff out nearby items.
You possess an exceptional clarity of mind.
Your magical capacity is low. (-10% MP)


Message History

You block the gargoyle's attack.
It was a potion of brilliance.
You feel clever all of a sudden. The gargoyle completely misses you.
It was a potion of mutation.
You feel extremely strange.
You feel less energetic.
Your thoughts seem clearer.
The gargoyle hurls a stone arrow at you.
The stone arrow misses you.
It was a potion of berserk rage.
A red film seems to cover your vision as you go berserk!
You feel yourself moving faster!
You feel mighty! The gargoyle hits you with a +0 mace!
* * * LOW HITPOINT WARNING * * *
You hit the gargoyle but do no damage. Your bite misses the gargoyle.
The gargoyle is moderately damaged.
You hit the gargoyle but do no damage.
The gargoyle is moderately damaged.
The gargoyle hurls a stone arrow at you.
The stone arrow hits you!!
You die...

... .. #######+ ..
........ ∆ #. ........ #.
........ #.## #########'
#..# #####....# #.
.########@###........####.
........(9.......>....÷...
.########)8##........#####
#c.....##........#
#.###..##......###
#...#....(.#####
#.#.#....÷(...(#
#.#.#..........#
#.#.####.()....#


You could see a gargoyle and a friendly lightning spire.

Vanquished Creatures
  A troll (D:9)
  2 hippogriffs
  5 yaks
  Edmund (D:6)
  A porcupine (D:9)
  An ice beast (D:7)
  3 black bears
  5 orc warriors
  A necrophage (D:6)
  5 ogres
  3 centaurs
  A crocodile (D:7)
  A big kobold (D:9)
  2 bullfrogs
  5 scorpions
  A water moccasin skeleton (D:7)
  3 killer bees (D:7)
  2 wights (D:10)
  A howler monkey (D:9)
  A crimson imp (D:8)
  A bullfrog zombie (D:4)
  2 centaur zombies
  2 centaur skeletons
  5 hounds
  7 orc priests
  10 orc wizards
  2 iguanas
  Natasha (thrice) (D:3)
  2 worker ants
  A hound zombie (D:9)
  5 gnolls
  4 adders
  A shadow imp (D:6)
  2 oozes
  2 adder zombies
  An adder skeleton (D:7)
  3 worms
  2 dart slugs (D:1)
  4 leopard geckos
  36 orcs
  4 giant cockroaches
  3 goblins (D:1)
  3 hobgoblins
  12 jackals
  4 quokkas
  A ball python (D:4)
  5 bats
  6 frilled lizards
  8 kobolds
  A leopard gecko skeleton (D:6)
  7 rats
194 creatures vanquished.

Vanquished Creatures (collateral kills)
  3 two-headed ogres
  An ugly thing (D:8)
  Joseph (D:8)
  A troll (D:10)
  14 yaks
  A hungry ghost (D:11)
  A water moccasin (D:11)
  A porcupine (D:9)
  2 sky beasts
  An ice beast (D:6)
  2 ogres
  7 centaurs
  2 crocodiles
  2 bullfrogs (D:9)
  A gnoll sergeant (D:8)
  3 scorpions
  2 wights (D:10)
  3 crimson imps
  A centaur skeleton (D:7)
  An orc priest (D:9)
  A jelly (D:9)
  2 orc wizards
  2 worker ants
  3 gnolls
  An adder (D:9)
  An adder skeleton (D:9)
  2 adder zombies
  A leopard gecko (D:6)
  15 orcs
  2 kobolds (D:9)
  A quokka (D:9)
  A bat (D:1)
  A frilled lizard (D:1)
83 creatures vanquished.

Vanquished Creatures (others)
  A wight (D:10)
  3 fungi (D:9)
4 creatures vanquished.

Grand Total: 281 creatures vanquished

Notes
Turn   | Place    | Note
-------+----------+-------------------------------------------
     0 | D:1      | FishyPogo the Gnoll Wizard began the quest for the Orb.
     0 | D:1      | Reached XP level 1. HP: 13/13 MP: 8/8
    79 | D:1      | Reached XP level 2. HP: 20/20 MP: 0/10
   242 | D:1      | Learned a level 2 spell: Call Imp
   386 | D:1      | Reached XP level 3. HP: 25/25 MP: 8/11
   391 | D:1      | Learned a level 3 spell: Conjure Flame
   395 | D:1      | Learned a level 3 spell: Mephitic Cloud
  1003 | D:2      | Reached skill level 1 in Invocations
  1021 | D:2      | Reached skill level 1 in Fighting
  1021 | D:2      | Reached skill level 1 in Short Blades
  1021 | D:2      | Reached skill level 1 in Long Blades
  1021 | D:2      | Reached skill level 1 in Axes
  1021 | D:2      | Reached skill level 1 in Maces & Flails
  1021 | D:2      | Reached skill level 1 in Polearms
  1021 | D:2      | Reached skill level 1 in Staves
  1021 | D:2      | Reached skill level 1 in Slings
  1021 | D:2      | Reached skill level 1 in Bows
  1021 | D:2      | Reached skill level 1 in Crossbows
  1021 | D:2      | Reached skill level 1 in Throwing
  1021 | D:2      | Reached skill level 1 in Armour
  1021 | D:2      | Reached skill level 1 in Shields
  1021 | D:2      | Reached skill level 1 in Unarmed Combat
  1021 | D:2      | Reached skill level 1 in Evocations
  1100 | D:2      | Reached XP level 4. HP: 4/32 MP: 0/13
  1110 | D:2      | Reached skill level 1 in Hexes
  1110 | D:2      | Reached skill level 1 in Charms
  1110 | D:2      | Reached skill level 1 in Necromancy
  1110 | D:2      | Reached skill level 1 in Transmutations
  1110 | D:2      | Reached skill level 1 in Fire Magic
  1110 | D:2      | Reached skill level 1 in Ice Magic
  1110 | D:2      | Reached skill level 1 in Air Magic
  1110 | D:2      | Reached skill level 1 in Earth Magic
  1110 | D:2      | Reached skill level 1 in Poison Magic
  1111 | D:2      | Reached XP level 5. HP: 5/37 MP: 0/14
  1664 | D:3      | Identified a +1 pair of boots of running (You found it on
                  | level 3 of the Dungeon)
  1730 | D:3      | Noticed Natasha
  1742 | D:3      | Killed Natasha
  1866 | D:3      | Noticed Natasha
  1871 | D:3      | Killed Natasha
  1871 | D:3      | Reached XP level 6. HP: 10/44 MP: 3/16
  1893 | D:3      | Found a white marble altar of Elyvilon.
  1896 | D:3      | Noticed Natasha
  1906 | D:3      | HP: 2/44 [Natasha (5)]
  1910 | D:3      | Killed Natasha
  2138 | D:4      | Reached skill level 5 in Dodging
  2348 | D:5      | Entered Level 5 of the Dungeon
  2406 | D:5      | Reached XP level 7. HP: 50/50 MP: 13/18
  2903 | D:4      | Reached skill level 5 in Stealth
  3325 | D:5      | Found Cyfoixt's Antique Armour Boutique.
  3334 | D:5      | Reached XP level 8. HP: 57/57 MP: 19/19
  3339 | D:5      | Bought an encrusted leather armour for 224 gold pieces
  3349 | D:5      | Identified the +1 leather armour "Guapnisk" {Dex+7} (You
                  | bought it in a shop on level 5 of the Dungeon)
  3405 | D:5      | Found Fudd's Gadget Emporium.
  3807 | D:6      | Got a slimy robe
  3828 | D:6      | Identified the +1 robe of Sloth {rElec MR+ Str-2 Int+3}
                  | (You found it on level 6 of the Dungeon)
  3828 | D:6      | Found a transporter.
  3896 | D:6      | Reached skill level 8 in Spellcasting
  3925 | D:6      | Found a transporter.
  3929 | D:6      | Noticed lis82's ghost (novice DgAE)
  4154 | D:6      | Noticed Edmund
  4191 | D:6      | Killed Edmund
  4526 | D:7      | Reached XP level 9. HP: 64/64 MP: 17/21
  4837 | D:7      | Learned a level 3 spell: Regeneration
  5117 | D:7      | Learned a level 4 spell: Summon Lightning Spire
  5236 | D:7      | Found a staircase to the Ecumenical Temple.
  5275 | Temple   | Entered the Ecumenical Temple
  5348 | Temple   | Became a worshipper of Warmaster Okawaru
  5506 | D:8      | Found Xeycliw's Assorted Antiques.
  5714 | D:8      | Reached skill level 5 in Invocations
  5725 | D:8      | Found Xoan's Armour Emporium.
  5725 | D:8      | Noticed a cyan ugly thing
  5807 | D:8      | Found Doesch's General Store.
  5843 | D:8      | Killed a cyan ugly thing
  5843 | D:8      | Reached * piety under Okawaru
  5843 | D:8      | Reached XP level 10. HP: 38/72 MP: 4/22
  6027 | D:8      | Found Ynauh's Gadget Emporium.
  6050 | D:8      | Found Gusaenof's Jewellery Shop.
  6199 | D:9      | Found Vuxkuluts's Magic Scroll Boutique.
  6217 | D:9      | Noticed a two-headed ogre
  6219 | D:9      | Reached skill level 5 in Fighting
  6219 | D:9      | Reached skill level 5 in Short Blades
  6219 | D:9      | Reached skill level 5 in Long Blades
  6219 | D:9      | Reached skill level 5 in Axes
  6219 | D:9      | Reached skill level 5 in Maces & Flails
  6219 | D:9      | Reached skill level 5 in Polearms
  6219 | D:9      | Reached skill level 5 in Staves
  6219 | D:9      | Reached skill level 5 in Slings
  6219 | D:9      | Reached skill level 5 in Bows
  6219 | D:9      | Reached skill level 5 in Crossbows
  6219 | D:9      | Reached skill level 5 in Throwing
  6219 | D:9      | Reached skill level 5 in Armour
  6219 | D:9      | Reached skill level 5 in Shields
  6219 | D:9      | Reached skill level 5 in Unarmed Combat
  6219 | D:9      | Reached skill level 5 in Evocations
  6227 | D:9      | Reached ** piety under Okawaru
  6246 | D:9      | Killed a two-headed ogre
  6264 | D:9      | Reached *** piety under Okawaru
  6317 | D:9      | Reached skill level 9 in Spellcasting
  6429 | D:9      | Noticed Joseph
  6442 | D:8      | Killed Joseph
  6442 | D:8      | Reached skill level 5 in Conjurations
  6442 | D:8      | Reached skill level 5 in Summonings
  6442 | D:8      | Reached skill level 5 in Translocations
  6721 | D:9      | Received a gift from Okawaru
  6819 | D:9      | Found a staircase to the Lair.
  6942 | D:9      | Found a staircase to the Orcish Mines.
  7076 | D:10     | Entered Level 10 of the Dungeon
  7146 | D:10     | Noticed a two-headed ogre
  7156 | D:10     | Killed a two-headed ogre
  7156 | D:10     | Reached **** piety under Okawaru
  7156 | D:10     | Reached XP level 11. HP: 53/81 MP: 10/24
  7454 | D:10     | Reached ***** piety under Okawaru
  7513 | D:10     | Noticed a two-headed ogre
  7540 | D:10     | Killed a two-headed ogre
  7855 | D:10     | Reached skill level 5 in Hexes
  7855 | D:10     | Reached skill level 5 in Charms
  7855 | D:10     | Reached skill level 5 in Necromancy
  7855 | D:10     | Reached skill level 5 in Transmutations
  7855 | D:10     | Reached skill level 5 in Fire Magic
  7855 | D:10     | Reached skill level 5 in Ice Magic
  7855 | D:10     | Reached skill level 5 in Air Magic
  7855 | D:10     | Reached skill level 5 in Earth Magic
  7855 | D:10     | Reached skill level 5 in Poison Magic
  7875 | D:10     | Found Bysitr Vokhe's Demolitions Depot.
  8315 | D:11     | Received a gift from Okawaru
  8381 | D:11     | Gained mutation: Your magical capacity is low. (-10% MP)
                  | [potion of mutation]
  8381 | D:11     | Gained mutation: You possess an exceptional clarity of
                  | mind. [potion of mutation]
  8384 | D:11     | Killed from afar by a gargoyle

Levels and vault maps discovered:
D:1:      dpeg_arrival_simpleton_a, layout_basic
D:2:      layout_loops_ring, amethyst_killhole
D:3:      cheibrodos_pilgrimage, layout_basic, old_standard_altar, first_ration,
          uniq_natasha
D:4:      layout_loops_cross, grunt_decor_arrowhead, minmay_misc_feat_enclosed
D:5:      layout_cave_pods, serial_shops, shop, nicolae_shop_trees
D:6:      wad_pebble_path, layout_basic, gammafunk_ghost_arena, uniq_edmund
D:7:      layout_loops_cross, temple_pool_b, minmay_a_box_with_orc_wizards_in_it
D:8:      layout_rooms, serial_shops, shop_statue, nicolae_shop_stone,
          kennysheep_mini_moat, shop, shop
D:9:      layout_rooms, grunt_lair_entry_orc_guard_hut, hiddenorc1_lemuel,
          serial_shops, nicolae_shop_behind_doors, grunt_ogre_cave, uniq_joseph
D:10:     layout_gridville, nicolae_blasting_shop
D:11:     layout_basic, nicolae_sextant
Temple:   grunt_wide_crystal_templ

Skill      XL: |  1  2  3  4  5  6  7  8  9 10 11 |
---------------+----------------------------------+-----
Conjurations   | 2 3 4 5 |  5.6
Summonings     | 2 3 4 5 |  5.6
Translocations | 2 3 4 5 |  5.6
Invocations    | 1 2 3 4 5 6 |  6.7
Fighting       | 1 2 3 4 5 6 |  6.1
Short Blades   | 1 2 3 4 5 6 |  6.1
Long Blades    | 1 2 3 4 5 6 |  6.1
Axes           | 1 2 3 4 5 6 |  6.1
Maces & Flails | 1 2 3 4 5 6 |  6.1
Polearms       | 1 2 3 4 5 6 |  6.1
Staves         | 1 2 3 4 5 6 |  6.1
Slings         | 1 2 3 4 5 6 |  6.1
Bows           | 1 2 3 4 5 6 |  6.1
Crossbows      | 1 2 3 4 5 6 |  6.1
Throwing       | 1 2 3 4 5 6 |  6.1
Armour         | 1 2 3 4 5 6 |  6.1
Shields        | 1 2 3 4 5 6 |  6.1
Unarmed Combat | 1 2 3 4 5 6 |  6.1
Evocations     | 1 2 3 4 5 6 |  6.1
Hexes          | 1 2 3 4 5 |  5.1
Charms         | 1 2 3 4 5 |  5.1
Necromancy     | 1 2 3 4 5 |  5.1
Transmutations | 1 2 3 4 5 |  5.1
Fire Magic     | 1 2 3 4 5 |  5.1
Ice Magic      | 1 2 3 4 5 |  5.1
Air Magic      | 1 2 3 4 5 |  5.1
Earth Magic    | 1 2 3 4 5 |  5.1
Poison Magic   | 1 2 3 4 5 |  5.1
Dodging        | 5 6 7 |  7.7
Stealth        | 5 6 7 |  7.5
Spellcasting   | 8 9 |  9.5

Action                   |  1- 3 |  4- 6 |  7- 9 | 10-12 || total
-------------------------+-------+-------+-------+-------++-------
Melee: Unarmed           |     3 |       |       |       ||     3
       Bite              |     4 |    10 |    45 |    44 ||   103
       Short sword       |    24 |       |       |       ||    24
       Dagger            |    35 |    51 |   339 |   268 ||   693
       Punch             |     1 |       |       |       ||     1
       Hand axe          |       |    42 |    60 |    30 ||   132
       Whip              |       |       |       |    45 ||    45
       Spear             |       |       |       |    18 ||    18
Throw: Stone             |     6 |    10 |    13 |    14 ||    43
 Cast: Magic Dart        |    42 |    26 |   131 |    49 ||   248
       Call Imp          |     5 |     1 |    13 |    19 ||    38
       Mephitic Cloud    |     6 |     3 |    26 |    13 ||    48
       Conjure Flame     |       |       |     6 |     3 ||     9
       Summon Lightning  |       |       |     8 |    24 ||    32
  Use: Potion            |       |     1 |       |     7 ||     8
       Scroll            |       |     6 |       |       ||     6
 Stab: Sleeping          |     2 |     5 |     7 |     7 ||    21
       Confused          |     1 |     3 |    13 |     6 ||    23
       Distracted        |       |       |     2 |     5 ||     7
  Eat: Chunk             |     1 |     4 |    10 |     9 ||    24
Armor: Robe              |    10 |     8 |    39 |    36 ||    93
       Leather armour    |       |       |     1 |       ||     1
Dodge: Dodged            |    53 |    65 |   296 |   219 ||   633
Block: Buckler           |       |    10 |    93 |    87 ||   190
